 Dungeon Crawl Stone Soup version 0.32-a0-576-g706899e69d (webtiles) character file.

Game seed: 16153091317587714647

86849 whatisthis the Stormcaller (level 15, -3/95 HPs)
             Began as a Tengu Air Elementalist on Mar 1, 2024.
             Was an Elder of Vehumet.
             Slain by a tarantella (6 damage)
             ... on level 2 of the Lair of Beasts.
             The game lasted 01:28:48 (35753 turns).

whatisthis the Stormcaller (TeAE)                  Turns: 35753, Time: 01:28:49

Health: -3/95      AC:  7    Str:  8    XL:     15   Next: 88%
Magic:  41/41      EV: 16    Int: 22    God:    Vehumet [****..]
Gold:   1680       SH:  0    Dex: 16    Spells: 10/39 levels left

rFire   + . .        J - staff of air
rCold   + + .        i - +2 kite shield {rF+}
rNeg    . . .        k - +0 acid dragon scales
rPois   +            (helmet restricted)
rElec   +            v - +0 cloak
rCorr   +            (no gloves)
SInv    .            (boots unavailable)
Will    +....        (no amulet)
Stlth   +            T - ring of magical power
HPRegen 0.35/turn    t - ring "Civeh" {rPois rC++}
MPRegen 0.27/turn

%: acrobat
@: confused, lethally poisoned (-3 -> -18), flying, studying Short Blades
A: beak, talons 3, evasive flight, acrobatic
a: Renounce Religion


You were on level 2 of the Lair of Beasts.
You worshipped Vehumet.
Vehumet was greatly pleased with you.
You visited 4 branches of the dungeon, and saw 22 of its levels.
You also visited: Sewer.

You collected 1680 gold pieces.

Inventory:

Hand Weapons
 f - a +1 dagger of venom
Missiles
 w - 26 poisoned darts
Armour
 i - a +2 kite shield of fire resistance (worn)
 k - +0 acid dragon scales (worn)
 v - a +0 cloak (worn)
 B - a +2 buckler
 W - a +0 buckler of fire resistance
Magical Staves
 J - a staff of air (weapon)
Jewellery
 d - a ring of resist corrosion
 t - the ring "Civeh" (right hand) {rPois rC++}
   (You found it on level 5 of the Dungeon)

   [ring of poison resistance]

   rC++:      It greatly protects you from cold.
   rPois:     It protects you from poison.
 N - a ring of protection from fire
 R - a ring of fire
 T - a ring of magical power (left hand)
 U - a ring of see invisible
 Z - a ring of magical power
Wands
 b - a wand of roots (8)
 u - a wand of quicksilver (1)
 D - a wand of flame (4)
 G - a wand of charming (12)
 I - a wand of mindburst (16)
 L - a wand of polymorph (7)
Scrolls
 c - a scroll of enchant armour
 e - a scroll of silence
 h - 4 scrolls of immolation
 j - a scroll of blinking
 m - 5 scrolls of teleportation
 p - 2 scrolls of butterflies
 y - 6 scrolls of fog
 A - 3 scrolls of poison
 F - 2 scrolls of amnesia
 H - 2 scrolls of revelation
 O - a scroll of fear
 P - 3 scrolls of vulnerability
Potions
 a - 4 potions of lignification
 g - a potion of haste {unknown}
 n - 5 potions of heal wounds
 o - 5 potions of enlightenment
 q - a potion of cancellation {unknown}
 r - 9 potions of curing
 s - 3 potions of brilliance {unknown}
 z - a potion of berserk rage {unknown}
 C - 4 potions of might
 E - a potion of invisibility {unknown}
 K - 2 potions of degeneration {unknown}
 M - 2 potions of magic
 Q - a potion of mutation {unknown}
 S - a potion of resistance {unknown}
 V - a potion of ambrosia {unknown}


   Skills:
 + Level 11.4 Fighting
 - Level 10.0 Dodging
 - Level 9.0 Stealth
 + Level 12.6 Spellcasting
 + Level 17.0 Conjurations
 + Level 17.3 Air Magic


You had 10 spell levels left.
You knew the following spells:

 Your Spells              Type           Power      Damage    Failure   Level
a - Shock                 Conj/Air       100%       1d9       1%          1
b - Static Discharge      Conj/Air       100%       3-8/arc   1%          2
c - Swiftness             Air            94%        N/A       1%          3
d - Airstrike             Air            47%        2d(7-23)  1%          4
e - Stone Arrow           Conj/Erth      100%       3d13      1%          3
f - Freezing Cloud        Conj/Ice/Air   38%        6-21      4%          5
g - Iskenderun's Mystic   Conj/Tloc      51%        2d11      5%          4
h - Spellforged Servitor  Conj/Summ      25%        N/A       97%         7

Your spell library contained the following spells:

 Spells                   Type           Power      Damage    Failure   Level
 Olgreb's Toxic Radiance  Alch           13%        N/A       80%         4
 Foxfire                  Conj/Fire      100%       2x1d9     1%          1
 Cigotuvi's Dreadful Rot  Necr/Alch/Air  100%       N/A       9%          2
 Irradiate                Conj/Alch      25%        3d20      13%         5
 Inner Flame              Hex/Fire       13%        N/A       41%         3
 Apportation              Tloc           26%        N/A       52%         1
 Necrotise                Necr           52%        1d6       52%         1
 Summon Small Mammal      Summ           52%        N/A       52%         1
 Plasma Beam              Fire/Air       33%        2x1d46    52%         6
 Bombard                  Conj/Erth      25%        9d5       54%         6
 Starburst                Conj/Fire      25%        6d8       54%         6
 Jinxbite                 Hex            26%        N/A       67%         2
 Lesser Beckoning         Tloc           26%        N/A       67%         2
 Ignite Poison            Fire/Alch      13%        N/A       80%         4
 Call Canine Familiar     Summ           13%        N/A       88%         3
 Gell's Gravitas          Tloc           13%        N/A       88%         3
 Ozocubu's Armour         Ice            13%        N/A       88%         3
 Summon Ice Beast         Ice/Summ       13%        N/A       88%         3
 Teleport Other           Tloc           13%        N/A       88%         3
 Vampiric Draining        Necr           13%        2d6       88%         3
 Lee's Rapid Deconstruct  Erth           6%         3d6*      98%         5
 Animate Armour           Summ/Erth      26%        N/A       99%         4
 Leda's Liquefaction      Alch/Erth      6%         N/A       99%         4
 Martyr's Knell           Necr/Summ      13%        N/A       99%         4
 Summon Blazeheart Golem  Fire/Summ      13%        N/A       99%         4
 Alistair's Intoxication  Alch           8%         N/A       100%        5
 Borgnjor's Vile Clutch   Necr/Erth      6%         N/A       100%        5
 Curse of Agony           Necr           13%        N/A       100%        5
 Metabolic Englaciation   Hex/Ice        6%         N/A       100%        5
 Summon Forest            Summ/Tloc      6%         N/A       100%        5
 Summon Mana Viper        Hex/Summ       13%        N/A       100%        5
 Eringya's Noxious Bog    Alch           6%         4d6       100%        6
 Sculpt Simulacrum        Ice/Alch       6%         N/A       100%        6
 Summon Cactus Giant      Summ           6%         N/A       100%        6
 Monstrous Menagerie      Summ           6%         N/A       100%        7
 Ignition                 Fire           6%         3d4       100%        8
 Lehudib's Crystal Spear  Conj/Erth      25%        10d7      100%        8


Dungeon Overview and Level Annotations

Branches:
Dungeon (15/15)            Temple (1/1) D:6            Lair (5/5) D:8
 Shoals (0/4) Lair:2       Spider (1/4) Lair:2        Slime (0/5) Lair:5
    Orc (0/2) D:11         Vaults (0/5) D:14         Depths (0/4) D:15
  Sewer (visited)

Altars:
Ashenzari
Cheibriados
Dithmenos
Elyvilon
Fedhas
Gozag
Hepliaklqana
Kikubaaqudgha
Makhleb
Nemelex Xobeh
Okawaru
Qazlal
Ru
Sif Muna
Trog
Uskayaw
Vehumet
Wu Jian
Xom
Yredelemnul
Zin
The Shining One
Jiyva

Shops:
D:7 ?   D:9 (**?*   D:13 (

Annotations:
Lair:3 1 runed translucent door, Zenwuu's ghost, adept TeAE


Innate Abilities, Weirdness & Mutations

You have a beak for a mouth.
You have claws for feet.
Your magical flight helps you evade attacks. (EV +4)
You can magically evade attacks while moving or waiting.


Message History

There is a hole to the Spider Nest here.
You start resting.
HP restored.
You start resting.
Magic restored.
Unknown command.
You fly downwards.
Welcome back to the Spider Nest!
This branch contains the gossamer rune of Zot.
The tarantella touches you!
You are afflicted by dizzying energies!
You are confused.
The emperor scorpion barely misses you. The emperor scorpion claws you. x2
The tarantella barely misses you. The emperor scorpion stings you!
The emperor scorpion claws you.
The emperor scorpion completely misses you.
The tarantella touches you.
You are afflicted by dizzying energies!
You are more confused.
There is a crawl-hole back to the Lair, spattered with blood here.
The tarantella closely misses you. The emperor scorpion stings you!
You are poisoned.
The emperor scorpion poisons you! The emperor scorpion barely misses you.
The emperor scorpion closely misses you.
You fly upwards.
Welcome back to the Lair of Beasts!
You feel extremely sick.
There is a hole to the Spider Nest here.
You're too confused to cast spells.
There are no items here.
Unknown command.
Unknown command.
You feel very sick.
The emperor scorpion closely misses you.
The emperor scorpion claws you. The emperor scorpion claws you!
You're too confused to move!
You feel very sick.
The tarantella touches you but does no damage.
The emperor scorpion stings you!!
* * * LOW HITPOINT WARNING * * *
The emperor scorpion barely misses you.
The emperor scorpion claws you but does no damage.
The tarantella touches you.
You die...

##....#^.#....#
##^..##.^...#..#
####^.^.^^.#...#.P#
##...^#....#..#...##
##....^#^......#^..#
#......#...#.#.##..#
##....##^##.#≈..#..P#
#
###..###^.≈≈≈≈≈.^#####
####.#...##..≈.s@≈^^#
<.÷.......##.+.s.+..#
.###..##..##^#.######
## #####P##########
### #..## #...# #...#
## ### ####..##
.#######.####..#...#


You could see an emperor scorpion and a tarantella.

Vanquished Creatures
  Jorgrun (D:12)
  Donald (Spider:1)
  A stone giant (D:13)
  An ettin (D:15)
  3 hydras
  3 vault guards (D:14)
  3 centaur warriors
  An ogre mage (D:15)
  2 death knights
  A boulder beetle (D:9)
  7 two-headed ogres
  2 tengu warriors (D:15)
  Nergalle (Lair:1)
  A deep elf knight (D:14)
  A deep troll (D:15)
  An orb spider (Lair:2)
  A skeletal warrior (D:14)
  An arcanist (D:14)
  A flayed ghost (D:13)
  2 orc knights (D:14)
  A phantasmal warrior (D:12)
  2 deep elf pyromancers (D:12)
  Pikel (D:6)
  A necromancer (D:15)
  A wolf spider (D:12)
  2 orc sorcerers
  4 lindwurms (Lair:4)
  2 ugly things (D:11)
  A moth of wrath (Lair:2)
  8 cyclopes
  A manticore (D:15)
  2 black mambas
  19 elephants
  3 meliai (D:15)
  11 cane toads
  A rime drake (shapeshifter) (D:13)
  A torpor snail (Lair:4)
  An unseen horror (D:11)
  Maggie (D:6)
  4 rime drakes
  A kobold demonologist (D:12)
  11 komodo dragons
  7 yaktaurs
  3 freezing wraiths
  3 trolls
  A polar bear (shapeshifter) (D:13)
  A merfolk (Lair:2)
  4 polar bears
  A wolf spider simulacrum (D:12)
  A tarantella (Spider:1)
  A hornet (shapeshifter) (D:7)
  Grinder (D:6)
  5 hornets
  6 dream sheep
  9 blink frogs
  2 centaur simulacra (D:15)
  6 slime creatures
  12 spriggans (Lair:5)
  A jumping spider (Spider:1)
  A shadow (D:12)
  2 humans (D:14)
  6 wraiths
  4 wyverns
  79 yaks
  7 basilisks
  Eustachio (D:6)
  7 vampire mosquitoes
  5 redbacks (Spider:1)
  Menkaure (D:7)
  11 water moccasins
  5 acid dragons
  6 orc warriors
  4 ice beasts
  2 sky beasts
  5 black bears
  4 ogres
  20 wolves
  10 boggarts
  11 centaurs
  A lemure (D:6)
  2 phantoms
  3 kobold brigands
  Blork the orc (D:5)
  2 gnoll sergeants
  11 bullfrogs
  6 scorpions
  13 wights
  6 howler monkeys
  10 electric eels
  3 lava snakes (Lair:1)
  7 hounds
  4 orc priests
  2 bombardier beetles (D:5)
  A gnoll bouda (D:6)
  Natasha (thrice) (D:3)
  6 iguanas
  10 orc wizards
  3 hell rats
  12 gnolls
  8 adders
  7 river rats (Lair:5)
  A shadow imp (D:5)
  2 white imps
  4 ufetubi (D:6)
  5 ribbon worms
  2 dart slugs (D:1)
  26 orcs
  6 endoplasms
  4 giant cockroaches
  7 goblins
  6 hobgoblins
  6 jackals
  4 quokkas
  8 ball pythons
  4 bats
  3 frilled lizards
  19 kobolds
  11 rats
  A spectral hobgoblin (D:1)
  A butterfly (Lair:5)
610 creatures vanquished.

Notes
Turn   | Place    | Note
-------+----------+-------------------------------------------
     0 | D:1      | whatisthis the Tengu Air Elementalist began the quest for
                  | the Orb.
     0 | D:1      | Reached XP level 1. HP: 10/10 MP: 4/4
   129 | D:1      | Reached XP level 2. HP: 15/15 MP: 1/6
   202 | D:1      | Learned a level 2 spell: Static Discharge
   624 | D:1      | Reached XP level 3. HP: 19/19 MP: 2/7
   835 | D:1      | Found a faded altar of an unknown god.
  2184 | D:3      | Noticed Natasha
  2191 | D:3      | Killed Natasha
  2192 | D:3      | Reached skill level 5 in Air Magic
  2192 | D:3      | Reached XP level 4. HP: 20/24 MP: 0/9
  2313 | D:3      | Found a stormy altar of Qazlal.
  2313 | D:3      | Found an ancient bone altar of Kikubaaqudgha.
  2313 | D:3      | Found an opulent altar of Gozag.
  2313 | D:3      | Found a glowing golden altar of the Shining One.
  2313 | D:3      | Found a snail-covered altar of Cheibriados.
  2313 | D:3      | Found a blossoming altar of Fedhas.
  2313 | D:3      | Found a white marble altar of Elyvilon.
  2314 | D:3      | Found a hazy altar of Hepliaklqana.
  2441 | D:3      | Found a glowing drain.
  2448 | D:3      | Reached XP level 5. HP: 21/28 MP: 4/10
  2457 | Sewer    | Entered a sewer
  2707 | D:3      | Noticed Natasha
  2715 | D:3      | Killed Natasha
  2736 | D:3      | Noticed Natasha
  2739 | D:3      | Killed Natasha
  2771 | D:3      | Learned a level 3 spell: Swiftness
  2781 | D:3      | Found an ornate altar of the Wu Jian Council.
  3326 | D:4      | Reached XP level 6. HP: 18/32 MP: 5/12
  3705 | D:4      | Reached skill level 5 in Conjurations
  4039 | D:5      | Entered Level 5 of the Dungeon
  4045 | D:5      | Gained mutation: Your magical flight helps you evade
                  | attacks. (EV +4) [Tengu growth]
  4045 | D:5      | Reached XP level 7. HP: 36/36 MP: 8/14
  4107 | D:5      | Noticed Blork the orc
  4771 | D:5      | Reached skill level 5 in Spellcasting
  4771 | D:5      | Reached XP level 8. HP: 2/41 MP: 3/16
  4771 | D:5      | HP: 2/41 [phantom (1)]
  5035 | D:5      | Killed Blork the orc
  5273 | D:5      | Identified the ring "Civeh" {rPois rC++}
  5674 | D:5      | Learned a level 4 spell: Airstrike
  6040 | D:6      | Noticed Maggie
  6895 | D:6      | Noticed Grinder
  6960 | D:6      | Noticed Pikel
  7014 | D:6      | Killed Pikel
  7015 | D:6      | Reached XP level 9. HP: 25/45 MP: 14/19
  7149 | D:6      | Killed Grinder
  7363 | D:6      | Reached skill level 10 in Air Magic
  7571 | D:6      | Killed Maggie
  7875 | D:6      | Noticed Eustachio
  7877 | D:6      | Killed Eustachio
  7878 | D:6      | Reached skill level 10 in Conjurations
  8141 | D:6      | Found a staircase to the Ecumenical Temple.
  8146 | Temple   | Entered the Ecumenical Temple
  8844 | D:7      | Reached XP level 10. HP: 50/50 MP: 17/22
  9261 | D:7      | Found Aczaxi Uvysa's Magic Scroll Boutique.
  9674 | D:7      | Noticed Menkaure
  9678 | D:7      | Killed Menkaure
  9922 | D:8      | Learned a level 3 spell: Stone Arrow
 10021 | D:8      | Noticed a meliai
 10021 | D:8      | a meliai changed into a troll
 10388 | D:8      | Reached skill level 1 in Fighting
 10538 | D:8      | Found a staircase to the Lair.
 10779 | D:8      | Found a shimmering altar of Xom.
 10837 | D:8      | Found a shimmering altar of Xom.
 10902 | D:8      | Found a shimmering altar of Xom.
 10902 | D:8      | Found a shimmering altar of Xom.
 10903 | D:8      | Found a shimmering altar of Xom.
 11460 | D:8      | Noticed a two-headed ogre
 11468 | D:8      | Killed a two-headed ogre
 11662 | D:9      | Found Nezunar's Assorted Antiques.
 11676 | D:9      | Found Zajatam's Assorted Antiques.
 11686 | D:9      | Found Ynwoimic's General Store.
 11779 | D:9      | Reached XP level 11. HP: 60/60 MP: 6/24
 11959 | D:9      | Noticed a boulder beetle
 11982 | D:9      | Killed a boulder beetle
 11983 | D:9      | Reached skill level 5 in Dodging
 11983 | D:9      | Reached skill level 5 in Stealth
 12310 | D:9      | Noticed a two-headed ogre
 12365 | D:9      | Killed a two-headed ogre
 12451 | D:9      | Found Qocaur's Magic Scroll Shop.
 12683 | D:8      | Reached skill level 5 in Fighting
 13273 | D:9      | Noticed a cyclops
 13661 | D:9      | Found Xeurghor's Weapon Shop.
 13722 | Lair:1   | Entered Level 1 of the Lair of Beasts
 14242 | Lair:1   | Noticed Nergalle
 14263 | Lair:1   | Killed Nergalle
 15413 | Lair:1   | Reached XP level 12. HP: 69/69 MP: 3/25
 16154 | D:10     | Entered Level 10 of the Dungeon
 16156 | D:10     | Found a radiant altar of Vehumet.
 16164 | D:10     | Became a worshipper of Vehumet
 18066 | Lair:1   | Reached * piety under Vehumet
 18066 | Lair:1   | Offered knowledge of Kiss of Death by Vehumet.
 18489 | Lair:2   | Noticed an eight-headed hydra
 18526 | Lair:2   | Found a staircase to the Shoals.
 18607 | Lair:2   | Identified the +7 war axe of Freehold {speed, rN+}
 18893 | Lair:2   | Reached skill level 10 in Spellcasting
 19301 | Lair:2   | Found a hole to the Spider Nest.
 19467 | Lair:2   | Killed an eight-headed hydra
 19640 | Lair:2   | Learned a level 5 spell: Freezing Cloud
 20354 | Lair:3   | Reached XP level 13. HP: 74/74 MP: 15/28
 20644 | Lair:3   | You are sucked into a shaft and drop 2 floors!
 20644 | Lair:5   | Entered Level 5 of the Lair of Beasts
 20659 | Lair:5   | Offered knowledge of Sting by Vehumet.
 20661 | Lair:5   | Reached ** piety under Vehumet
 20886 | Lair:5   | Reached skill level 15 in Air Magic
 21864 | Lair:5   | Offered knowledge of Volatile Blastmotes by Vehumet.
 21869 | Lair:5   | Reached skill level 15 in Conjurations
 22237 | Lair:3   | Reached *** piety under Vehumet
 22294 | Lair:3   | Found a runed translucent door.
 22295 | Lair:3   | Found a shimmering altar of Xom.
 22295 | Lair:3   | Noticed Zenwuu's ghost (adept TeAE)
 23637 | Lair:4   | Offered knowledge of Iskenderun's Mystic Blast by Vehumet.
 23677 | Lair:4   | Learned a level 4 spell: Iskenderun's Mystic Blast
 24061 | Lair:5   | Found a viscous altar of Jiyva.
 24061 | Lair:5   | Found a staircase to the Slime Pits.
 24198 | Lair:5   | Reached XP level 14. HP: 82/82 MP: 22/30
 24959 | Lair:5   | Reached **** piety under Vehumet
 25294 | Lair:5   | Offered knowledge of Hailstorm by Vehumet.
 25500 | Lair:5   | Identified the +4 great sword of the Eye-covered God
                  | {drain, Str+3}
 27535 | D:11     | Reached skill level 10 in Dodging
 27760 | D:11     | Reached ***** piety under Vehumet
 27760 | D:11     | Offered knowledge of Spellforged Servitor by Vehumet.
 28271 | D:11     | Found a staircase to the Orcish Mines.
 28737 | D:12     | Noticed Jorgrun
 28743 | D:12     | Killed Jorgrun
 29797 | D:12     | Reached skill level 10 in Fighting
 29918 | D:12     | Learned a level 7 spell: Spellforged Servitor
 30394 | D:13     | Reached XP level 15. HP: 92/92 MP: 26/31
 30538 | D:13     | Found Lumunala's Antique Weapon Shoppe.
 31191 | D:13     | Noticed a fire giant
 32088 | D:14     | Offered knowledge of Olgreb's Toxic Radiance by Vehumet.
 33028 | D:14     | Found a gate to the Vaults.
 33285 | D:15     | Entered Level 15 of the Dungeon
 34371 | D:15     | Found a staircase to the Depths.
 35415 | Spider:1 | Entered Level 1 of the Spider Nest
 35435 | Spider:1 | Identified the +0 kite shield of the Unbroken {rN+ Dex+2}
 35435 | Spider:1 | Noticed Donald
 35452 | Spider:1 | Killed Donald
 35475 | Spider:1 | Noticed an emperor scorpion
 35753 | Lair:2   | HP: 3/95 [emperor scorpion (24)]
 35753 | Lair:2   | Slain by a tarantella

Illustrated notes

Levels and vault maps discovered:
D:1:      dpeg_arrival_connections, layout_loops_corners,
          dreamdust_ecumenical_altar_drowned_temple
D:2:      layout_loops_ring, grunt_decor_arrowhead
D:3:      layout_rooms, nzn_wu_jian_contemplation, grunt_temple_overflow_open,
          portal_sewer_entry_d, uniq_natasha
D:4:      layout_rooms
D:5:      minmay_opposing_rooms, layout_loops_cross, minmay_misc_feat_ornament,
          minivault_25, reono_crystal_passage, uniq_blork_the_orc
D:6:      layout_basic, minmay_temple_entry_nine_rooms, uniq_maggie, uniq_pikel,
          uniq_eustachio, uniq_grinder
D:7:      layout_basic, serial_shops, shop, uniq_menkaure
D:8:      layout_rooms, xom_shifter_show, erik_lair_island, chequers_garden,
          minivault_5, minmay_manual_monstrance
D:9:      cheibrodos_two_vegetables, layout_small_grid, serial_shops,
          nicolae_shop_behind_doors, nicolae_shop_tiny_glass, shop, shop, shop
D:10:     layout_loops_ring, nicolae_vehumet_radiance
D:11:     minmay_angry_zag, layout_small_grid, david_orc_4
D:12:     layout_loops_corners, uniq_jorgrun
D:13:     minmay_strange_plus, layout_long_grid, serial_shops,
          nicolae_lakefront_shop
D:14:     layout_roguey, grunt_vaults_entry_fortified, nrook_campfire
D:15:     hangedman_depths_entry_civil_slaughter, layout_loops_ring,
          palyth_stone_intersect
Temple:   jpeg_temple_clearing
Lair:1:   layout_small_grid, nicolae_lair_liquid_snakes, serial_bayou_shore_a,
          uniq_nergalle
Lair:2:   layout_long_grid, mainiacjoe_shoals_entry_four_pools,
          nicolae_spider_entry_orb_guardian, beast_lair_carwin_4
Lair:3:   layout_long_grid, ebering_ghost_xom, beast_lair_carwin_1,
          serial_bayou_shore_b
Lair:4:   layout_regular_city, serial_rivers, chequers_serial_rivers_room_b,
          chequers_serial_rivers_micro_a, chequers_serial_rivers_micro_e,
          chequers_serial_rivers_small_3, chequers_serial_rivers_room_a,
          chequers_serial_rivers_small_3, nicolae_volcano_entry_s_turn,
          minmay_lindwurm_lava
Lair:5:   minmay_lair_end_enchanted_forest, layout_hall_layers,
          dpeg_slime_entry_enclosed, gauntlet_entry_generic, minivault_23,
          kennysheep_rathole, lemuel_fruit_fields
Spider:1: nicolae_spider_obnoxious_hallway, special_room [special_room_bee],
          nicolae_spider_some_kinda_spiderbox, uniq_roxanne, uniq_donald

Skill      XL: |  1  2  3  4  5  6  7  8  9 10 11 12 13 14 15 |
---------------+----------------------------------------------+-----
Conjurations   | 2 3 4 5 6 8 10 11 12 14 15 17 | 17.0
Air Magic      | 5 6 7 9 11 12 14 15 16 17 | 17.3
Spellcasting   | 3 4 5 6 7 8 10 11 12 | 12.6
Fighting       | 3 5 7 10 11 | 11.4
Dodging        | 4 6 8 10 | 10.0
Stealth        | 4 6 8 9 |  9.0

Action                     |  1- 3 |  4- 6 |  7- 9 | 10-12 | 13-15 || total
---------------------------+-------+-------+-------+-------+-------++-------
  Melee: Short sword       |     1 |       |       |       |       ||     1
         Dagger            |     8 |    34 |    18 |    65 |     4 ||   129
         Kick              |     2 |    14 |     6 |    27 |     2 ||    51
         Peck              |     1 |     4 |     4 |    18 |     2 ||    29
         Staff             |       |       |       |       |     2 ||     2
  Throw: Dart              |       |       |       |     2 |     3 ||     5
   Cast: Shock             |    72 |    68 |   110 |    18 |     4 ||   272
         Static Discharge  |     6 |     9 |    20 |    32 |       ||    67
         Swiftness         |       |       |     2 |     5 |     1 ||     8
         Airstrike         |       |       |    54 |   234 |   115 ||   403
         Stone Arrow       |       |       |       |    89 |   162 ||   251
         Freezing Cloud    |       |       |       |     2 |   232 ||   234
         Iskenderun's Myst |       |       |       |       |    65 ||    65
  Evoke: Wand              |       |       |     1 |     8 |     4 ||    13
    Use: Scroll            |       |     4 |     4 |     7 |    10 ||    25
         Potion            |       |       |     1 |       |       ||     1
   Stab: Sleeping          |       |     2 |     2 |       |       ||     4
 Armour: Robe              |     5 |    37 |    55 |       |       ||    97
         Acid dragon scale |       |       |    19 |   146 |   143 ||   308
  Dodge: Dodged            |    21 |    31 |    59 |   175 |    96 ||   382
  Block: Buckler           |       |       |       |    42 |    34 ||    76
         Kite shield       |       |       |       |       |     3 ||     3

Table legend: (Time is in decaauts)
 A = Elapsed time spent in this place.
 B = Non-inter-level travel time spent in this place.
 C = Inter-level travel time spent in this place.
 D = Time resting spent in this place.
 E = Time spent auto-exploring this place.
 F = Levels seen in this place.
 G = Mean time per level.
                   A        B        C        D        E       F      G
               +--------+--------+--------+--------+--------+-----+--------+
         Total |  35818 |  34477 |   1341 |  15454 |   9806 |  23 | 1557.3 |
       Dungeon |  23980 |  23015 |    965 |   9486 |   7879 |  15 | 1598.7 |
        Temple |      1 |      1 |      0 |      0 |      0 |   1 |    1.0 |
          Lair |  11589 |  11214 |    375 |   5870 |   1927 |   5 | 2317.8 |
   Spider Nest |     75 |     75 |      0 |     18 |      0 |   1 |   75.0 |
         Sewer |    171 |    171 |      0 |     80 |      0 |   1 |  171.0 |
               +--------+--------+--------+--------+--------+-----+--------+

Top non-repeatable levels by time:
  Lair:5: 4037 daAuts
  Lair:1: 2727 daAuts
     D:8: 2567 daAuts
     D:6: 2319 daAuts
  Lair:2: 2306 daAuts
     D:5: 2073 daAuts
    D:12: 1958 daAuts
    D:15: 1935 daAuts
     D:9: 1776 daAuts
    D:14: 1712 daAuts
  Lair:4: 1516 daAuts
     D:7: 1502 daAuts
     D:1: 1409 daAuts
    D:11: 1400 daAuts
    D:10: 1317 daAuts
